 Dungeon Crawl Stone Soup version 0.28.0-43-g3370ac3207 (webtiles) character file.

Game seed: 9846013030822995114

242 GreyFruit the Gusty (level 6, -4/32 HPs)
             Began as a Tengu Air Elementalist on Mar 7, 2022.
             Was an Initiate of Dithmenos.
             Slain by Sigmund
             ... wielding a +0 scythe
              (13 damage)
             ... on level 4 of the Dungeon.
             The game lasted 00:04:23 (3344 turns).

GreyFruit the Gusty (Tengu Air Elementalist)        Turns: 3344, Time: 00:04:23

Health: -4/32      AC:  2    Str:  8    XL:     6   Next: 9%
Magic:  6/11       EV: 15    Int: 18    God:    Dithmenos [......]
Gold:   217        SH:  0    Dex: 14    Spells: 10/11 levels left

rFire   . . .      SeeInvis .   e - +0 short sword (freeze)
rCold   . . .      Faith    .   (no shield)
rNeg    . . .      Spirit   .   a - +0 robe
rPois   .          Reflect  .   (helmet restricted)
rElec   .          Harm     .   (no cloak)
rCorr   .          Rampage  .   (no gloves)
Will    .....                   (boots unavailable)
Stlth   +.........              (no amulet)
HPRegen 0.10/turn               (no ring)
MPRegen 0.12/turn               (no ring)

@: confused, flying quickly and evasively, quick
A: beak, talons 3, nimble flight
a: Renounce Religion


You were on level 4 of the Dungeon.
You worshipped Dithmenos.
Dithmenos was noncommittal.
You visited 1 branch of the dungeon, and saw 4 of its levels.

You collected 217 gold pieces.

Inventory:

Hand Weapons
 e - a +0 short sword of freezing (weapon)
Armour
 a - a +0 robe (worn)
 i - a +0 kite shield
Scrolls
 c - a scroll of fear {unknown}
 f - 2 scrolls of teleportation {unknown}
 h - a scroll of noise {unknown}
 j - a scroll of identify {unknown}
Potions
 b - a potion of brilliance {unknown}
 d - a potion of magic {unknown}
 g - a potion of flight {unknown}
 k - a potion of haste {unknown}


   Skills:
 + Level 3.5 Dodging
 + Level 3.4 Stealth
 + Level 3.1 Spellcasting
 + Level 3.6 Conjurations
 + Level 5.1 Air Magic


You had 10 spell levels left.
You knew the following spells:

 Your Spells              Type           Power      Damage    Failure   Level
a - Shock                 Conj/Air       72%        1d7       2%          1

Your spell library contained the following spells:

 Spells                   Type           Power      Damage    Failure   Level
 Static Discharge         Conj/Air       18%        N/A       4%          2
 Swiftness                Air            21%        N/A       6%          3
 Airstrike                Air            10%        N/A       19%         4
 Lightning Bolt           Conj/Air       9%         1d21      58%         5
 Maxwell's Capacitive Co  Air            10%        ∞         100%        8


Dungeon Overview and Level Annotations

Branches:
Dungeon (4/15)
 Temple: D:4-7

Altars:
Dithmenos
The Shining One

Annotations:
D:4 Sigmund


Innate Abilities, Weirdness & Mutations

You have a beak for a mouth.
You have claws for feet.
Your magical nature lets you fly swiftly and evasively.


Message History

You now have 217 gold pieces (gained 21).
Things that are here:
a +0 dagger; a +0 leather armour
f - 2 scrolls labelled COTZOO MIPUMENN (gained 1)
The zap hits Sigmund.
Sigmund is lightly wounded.
Sigmund shouts!
You hear a bark!
The zap misses Sigmund.
A hound comes into view.
Sigmund casts a spell at you. The magic dart hits you!
The zap hits Sigmund.
Sigmund is moderately wounded.
The zap misses the hound.
The hound barks!
You hear a shout!
The zap misses Sigmund.
The zap misses the hound.
A quokka comes into view.
The zap misses Sigmund.
The zap misses the hound.
The zap hits the quokka but does no damage.
The zap hits Sigmund.
Sigmund is heavily wounded.
The zap hits the hound.
The hound is moderately wounded.
The zap hits the quokka!
You kill the quokka!
Dithmenos accepts your kill. Sigmund gestures at you while chanting.
The puff of flame misses you.
Sigmund zaps a wand.
The puff of flame hits you! The hound bites you.
Sigmund points at you and mumbles some strange words.
You are confused.
You're too confused to move!
The hound bites you.
* * * LOW HITPOINT WARNING * * *
Sigmund mumbles some strange words.
Sigmund flickers and vanishes!
Deactivating autopickup; reactivate with Ctrl-A.
The hound closely misses you.
You bump into the rock wall.
The hound closely misses you. Something hits you!
You die...

##### #...##
#########<...#
##...##h@.....#
##†)........##.....
#......{.....# .###
...##............#
..
.................#
.#
................##
. ....$.....##...##
...........##.##
........:#..$.#


You could see a hound.

Vanquished Creatures
  An ogre (D:3)
  A hound skeleton (D:4)
  4 gnolls (D:3)
  A howler monkey skeleton (D:3)
  2 adders
  A worm (D:2)
  3 dart slugs
  An orc (D:4)
  7 bats
  4 endoplasms
  A giant cockroach (D:1)
  9 goblins
  5 hobgoblins
  7 quokkas
  5 ball pythons
  3 frilled lizards
  9 kobolds
  4 rats
68 creatures vanquished.

Notes
Turn   | Place    | Note
-------+----------+-------------------------------------------
     0 | D:1      | GreyFruit the Tengu Air Elementalist began the quest for
                  | the Orb.
     0 | D:1      | Reached XP level 1. HP: 10/10 MP: 4/4
   137 | D:1      | Reached XP level 2. HP: 15/15 MP: 0/6
   494 | D:1      | Found a faded altar of an unknown god.
   588 | D:1      | Reached XP level 3. HP: 19/19 MP: 0/7
  1552 | D:2      | Reached XP level 4. HP: 24/24 MP: 5/8
  2043 | D:3      | Found a shadowy altar of Dithmenos.
  2047 | D:3      | Found a glowing golden altar of the Shining One.
  2051 | D:3      | Became a worshipper of Dithmenos the Shadowed
  2634 | D:3      | Gained mutation: Your magical nature lets you fly swiftly
                  | and evasively. [Tengu growth]
  2634 | D:3      | Reached XP level 5. HP: 22/28 MP: 8/10
  2827 | D:3      | Noticed an ogre
  2834 | D:3      | Killed an ogre
  2835 | D:3      | Reached skill level 5 in Air Magic
  3221 | D:4      | Noticed Sigmund
  3228 | D:4      | Reached XP level 6. HP: 31/32 MP: 4/11
  3344 | D:4      | Slain by Sigmund

Illustrated notes

Levels and vault maps discovered:
D:1:      psy_arrival_conway, layout_rooms, ebering_ecumenical_altar_mist
D:2:      layout_rooms
D:3:      layout_basic, minitemple, serial_bayou_lagoon_a
D:4:      layout_rooms, serial_shops, shop, kennysheep_nub, eino_tiny_chamber,
          uniq_sigmund, uniq_robin

Skill      XL: |  1  2  3  4  5 |
---------------+----------------+-----
Conjurations   | 2 3 |  3.6
Dodging        | 3 |  3.5
Stealth        | 3 |  3.4
Spellcasting   | 3 |  3.1
Air Magic      | 5 |  5.1

Action                   |  1- 3 |  4- 6 || total
-------------------------+-------+-------++-------
Melee: Unarmed           |     7 |       ||     7
       Kick              |     2 |     3 ||     5
       Short sword       |     3 |     7 ||    10
       Peck              |     1 |     3 ||     4
 Cast: Shock             |    87 |    69 ||   156
Armor: Robe              |     6 |     2 ||     8
Dodge: Dodged            |    12 |    15 ||    27
